 Dungeon Crawl Stone Soup version 0.17-a0-1718-g72dbe4d (webtiles) character file.

3969 wvc the Spear-Bearer (level 10, -10/73 HPs)
             Began as a Mummy Chaos Knight on Aug 26, 2015.
             Mangled by a five-headed hydra (14 damage)
             ... on level 8 of the Dungeon.
             The game lasted 00:24:02 (7202 turns).

wvc the Spear-Bearer (Mummy Chaos Knight)           Turns: 7202, Time: 00:24:03

Health: -10/73     AC:  9    Str: 16      XL:     10   Next: 2%
Magic:  10/10      EV: 13    Int: 12      God:    Xom [*.....]
Gold:   14         SH:  0    Dex: 13 (14) Spells: 0 memorised, 9 levels left

rFire  . . .     SeeInvis .     a - +4 spear (chaos)
rCold  + . .     Clarity  .     i - +1 troll leather armour
rNeg   + + +     SustAt   .     (no shield)
rPois  ∞         Gourm    .     l - +0 helmet
rElec  .         Spirit   .     g - +0 cloak
rCorr  .         Warding  .     b - +0 pair of gloves
rMut   .         Stasis   .     k - +0 pair of boots
MR     ++...                    (no amulet)
Stlth  +.........               y - ring of protection from fire
                                m - ring of protection from magic

@: confused, very resistant to hostile enchantments, very unstealthy
A: no food or potions, fire vulnerability, cold resistance 1, negative energy
resistance 3, torment resistance, unbreathing
a: Renounce Religion


You were on level 8 of the Dungeon.
You worshipped Xom.
You were a special plaything of Xom.
You were not hungry.

You visited 2 branches of the dungeon, and saw 10 of its levels.

You collected 616 gold pieces.
You spent 602 gold pieces at shops.

Inventory:

Hand weapons
 a - a +4 spear of chaos (weapon)
 t - the +4 war axe "Casenara" {freeze, rF+ rC+ Str+4 Int+3}
   (You found it on level 8 of the Dungeon)

   It has been specially enchanted to freeze those struck by it, causing extra
   injury to most foes and up to half again as much damage against particularly
   susceptible opponents.
   It can also slow down cold-blooded creatures.
   It affects your strength (+4).
   It affects your intelligence (+3).
   It protects you from fire.
   It protects you from cold.
Missiles
 s - 5 javelins (quivered)
Armour
 b - a +0 pair of gloves (worn)
 g - a +0 cloak (worn)
 i - a +1 troll leather armour (worn)
 k - a +0 pair of boots (worn)
 l - a +0 helmet (worn)
Jewellery
 j - an uncursed ring of teleportation
 m - a ring of protection from magic (left hand)
 w - an uncursed ring of fire
 y - a ring of protection from fire (right hand)
Magical devices
 d - a wand of digging (1)
 e - a wand of confusion (17)
 h - a wand of hasting (7)
 o - a wand of digging (14)
 q - a wand of hasting (5)
 r - a wand of lightning (2)
 v - a wand of disintegration (11)
 x - a wand of paralysis (13)
Scrolls
 c - 2 scrolls of immolation
 f - 3 scrolls of fear
 n - 2 scrolls of teleportation
 p - a scroll of magic mapping
 u - 4 scrolls of fog


   Skills:
 * Level 4.6 Fighting
 - Level 0.7(8.0) Axes
 - Level 12.3 Polearms
 + Level 2.6 Armour
 + Level 3.4 Dodging


You had 9 spell levels left.
You didn't know any spells.

Dungeon Overview and Level Annotations

Branches:
Dungeon (9/15)             Temple (0/1) D:6            Lair (1/8) D:8
    Orc: D:9-12

Altars:
Ashenzari
Cheibriados
Dithmenos
Fedhas
Gozag
Kikubaaqudgha
Makhleb
Nemelex Xobeh
Okawaru
Qazlal
Sif Muna
Trog
The Shining One

Shops:
D:5 ?[   D:6 =


Innate Abilities, Weirdness & Mutations

You do not eat or drink.
Your flesh is vulnerable to fire.
You are immune to poison.
Your flesh is cold resistant.
You are immune to negative energy.
You are immune to unholy pain and torment.
You can survive without breathing.


Message History

The five-headed hydra completely misses you.
The five-headed hydra bites you.
The five-headed hydra closely misses you.
You hit the five-headed hydra.
The five-headed hydra is lightly wounded.
The five-headed hydra bites you!
* * * LOW HITPOINT WARNING * * *
The five-headed hydra misses you.
The five-headed hydra bites you but does no damage.
The five-headed hydra bites you!
* * * LOW HITPOINT WARNING * * *
The five-headed hydra bites you!
* * * LOW HITPOINT WARNING * * *
You hit the five-headed hydra.
The five-headed hydra is moderately wounded.
The five-headed hydra closely misses you.
The five-headed hydra bites you but does no damage.
The five-headed hydra bites you!
You die...
Xom titters!

####..# #.#
......# #.#
#####.####
#.#
....(....#
#.#
#(######.#
#.# #.# #.#
#.# #.# #.#
#.# #.##
#.########.#
...#
#........@.#
#..#
#..######.D#
#..#####..#
####
..........#
...######.#
##.# #.# #.#
#.#
#.######.#
#..=.....#


You could see a five-headed hydra.

Vanquished Creatures
  A troll (D:9)
  The ghost of Charly the Cudgeler, an average OgSk (D:3)
  A porcupine (D:7)
  3 sky beasts
  Duvessa (D:6)
  An orc warrior (D:9)
  A water moccasin (D:9)
  4 ogres
  A centaur (D:9)
  A crocodile (D:8)
  A big kobold (D:8)
  6 giant frogs
  Dowan (D:6)
  6 killer bees (D:7)
  4 scorpions
  A centaur zombie (D:7)
  5 crimson imps
  A giant frog zombie (D:8)
  A jelly (D:6)
  4 orc priests
  5 hounds
  7 orc wizards
  7 worker ants
  An iguana (D:6)
  A killer bee zombie (D:8)
  A hound skeleton (D:4)
  A worker ant zombie (D:6)
  9 adders
  2 shadow imps
  An adder skeleton (D:8)
  A worm (D:2)
  7 giant geckos
  18 orcs
  10 goblins
  7 hobgoblins
  10 jackals
  2 quokkas
  4 bats
  A giant cockroach (D:8)
  3 giant newts
  14 kobolds
  11 rats
168 creatures vanquished.

Vanquished Creatures (collateral kills)
  A hippogriff (D:8)
  A centaur (D:5)
  A hound (D:5)
3 creatures vanquished.

Vanquished Creatures (others)
  2 ball lightnings (D:7)
2 creatures vanquished.

Grand Total: 173 creatures vanquished

Notes
Turn   | Place    | Note
--------------------------------------------------------------
     0 | D:1      | wvc the Mummy Chaos Knight began the quest for the Orb.
     0 | D:1      | Reached XP level 1. HP: 18/18 MP: 1/1
   111 | D:1      | Reached XP level 2. HP: 24/24 MP: 2/2
   420 | D:1      | XOM is BORED!
   420 | D:1      | XOM: silly message
   462 | D:1      | XOM: silly message
  1014 | D:1      | Reached XP level 3. HP: 29/29 MP: 3/3
  1091 | D:2      | Reached skill level 1 in Dodging
  1111 | D:2      | XOM: butterfly on damage
  1139 | D:2      | XOM: divination: detect creatures
  1249 | D:2      | XOM: 3-stop teleportation journey
  1456 | D:2      | Found a bloodstained altar of Trog.
  1459 | D:2      | Found a burning altar of Makhleb.
  1517 | D:2      | Found a shadowy altar of Dithmenos.
  1573 | D:2      | XOM: vitrification
  1989 | D:3      | Found a stormy altar of Qazlal.
  2019 | D:3      | Found a snail-covered altar of Cheibriados.
  2029 | D:3      | Reached XP level 4. HP: 35/35 MP: 4/4
  2033 | D:3      | Noticed Charly's ghost (average OgSk)
  2096 | D:3      | XOM: confuse monster(s)
  2100 | D:3      | XOM: enchant monster (bad)
  2123 | D:3      | XOM: divination: detect creatures
  2140 | D:3      | XOM: potion effect (experience)
  2140 | D:3      | Reached skill level 10 in Polearms
  2140 | D:3      | Reached XP level 5. HP: 8/41 MP: 5/5
  2141 | D:3      | Killed Charly's ghost
  2141 | D:3      | Reached XP level 6. HP: 9/47 MP: 6/6
  2206 | D:3      | XOM: silly message
  2338 | D:3      | XOM: divination: detect items
  2737 | D:4      | Found an opulent altar of Gozag.
  2740 | D:4      | XOM: divination: magic mapping
  2827 | D:4      | XOM: divination: detect creatures
  3003 | D:4      | XOM: confuse monster(s)
  3010 | D:4      | Reached XP level 7. HP: 52/52 MP: 7/7
  3107 | D:4      | XOM: blink monster(s)
  3417 | D:4      | XOM: summons 3 friendly demons
  3494 | D:4      | XOM: colour smoke trail
  3496 | D:5      | Entered Level 5 of the Dungeon
  3584 | D:5      | XOM: silly message
  3613 | D:5      | Found an ancient bone altar of Kikubaaqudgha.
  3629 | D:5      | XOM: mild Divn miscast
  3668 | D:5      | XOM: cast spell 'Summon Swarm'
  3679 | D:5      | Reached skill level 11 in Polearms
  3717 | D:5      | Found Kaoroese's Armour Shoppe.
  3768 | D:5      | XOM: mild Conj miscast
  3797 | D:5      | Bought a +0 pair of gloves for 54 gold pieces
  3797 | D:5      | Bought a +0 pair of boots for 54 gold pieces
  3797 | D:5      | Bought a +0 helmet for 54 gold pieces
  3897 | D:5      | XOM: god gift: scroll labeled AVAYTE ENU
  4001 | D:5      | Found Wuigh's Magic Scroll Shop.
  4005 | D:5      | Bought a scroll of enchant weapon for 82 gold pieces
  4005 | D:5      | Bought a scroll of teleportation for 33 gold pieces
  4066 | D:6      | Reached XP level 8. HP: 58/58 MP: 8/8
  4186 | D:6      | XOM: 1-stop teleportation journey
  4271 | D:6      | XOM: 4-stop teleportation journey
  4377 | D:6      | Noticed Duvessa
  4377 | D:6      | Noticed Dowan
  4388 | D:6      | Killed Duvessa
  4400 | D:6      | Killed Dowan
  4430 | D:6      | XOM: mild Necr miscast
  4608 | D:6      | Found a staircase to the Ecumenical Temple.
  4609 | D:6      | Found Lijaud's Jewellery Shoppe.
  4836 | D:6      | XOM: mild Necr miscast
  4864 | D:6      | XOM: harmless Ice miscast
  4975 | D:7      | XOM: mild Divn miscast
  5024 | D:7      | XOM: harmless Divn miscast
  5028 | D:7      | XOM: harmless Fire miscast
  5035 | D:7      | Reached skill level 12 in Polearms
  5047 | D:7      | Reached XP level 9. HP: 46/63 MP: 9/9
  5106 | D:7      | Found a blossoming altar of Fedhas.
  5124 | D:7      | XOM: polymorph killer bee -> porcupine
  5126 | D:7      | XOM: cast spell 'Conjure Ball Lightning'
  5314 | D:7      | Found a deep blue altar of Sif Muna.
  5390 | D:7      | XOM: colour smoke trail
  5398 | D:7      | XOM: god gift: 8 gold pieces
  5592 | D:8      | XOM: medium Trmt miscast
  5606 | D:8      | XOM: harmless Air miscast
  5729 | D:8      | XOM: summons friendly iron imp
  5732 | D:8      | Found a sparkling altar of Nemelex Xobeh.
  5733 | D:8      | Got a steaming war axe
  5741 | D:8      | XOM: fog
  5837 | D:8      | XOM: cast spell 'Death Channel'
  5840 | D:8      | XOM: fog
  5945 | D:8      | Found Waohomiket's Assorted Antiques.
  5949 | D:8      | Identified the +4 war axe "Casenara" {freeze, rF+ rC+ Str+4 Int+3} (You found it on level 8 of the Dungeon)
  5964 | D:8      | Found a staircase to the Lair.
  6052 | D:8      | XOM: swap monsters
  6054 | D:8      | XOM: vitrification
  6057 | D:8      | XOM: summons 9 friendly demons
  6411 | D:9      | XOM: 3-stop teleportation journey
  6599 | D:9      | Found a glowing golden altar of the Shining One.
  6682 | D:9      | Found an iron altar of Okawaru.
  6826 | D:9      | Found a shattered altar of Ashenzari.
  6851 | D:9      | XOM: summons 4 hostile demons
  6907 | D:9      | Reached XP level 10. HP: 71/73 MP: 10/10
  7040 | D:6      | Bought an uncursed ring of protection from fire for 325 gold pieces
  7194 | Lair:1   | Entered Level 1 of the Lair of Beasts
  7194 | Lair:1   | Noticed a five-headed hydra
  7195 | Lair:1   | XOM: confusion
  7197 | D:8      | XOM: enchant monster (good)
  7199 | D:8      | XOM: swap monsters
  7201 | D:8      | HP: 3/73 [five-headed hydra (9)]
  7202 | D:8      | Mangled by a five-headed hydra

Vault maps used:
D:1:      evilmike_arrival_home_sweet_home
D:2:      grunt_dithmenos_smoke_and_mirrors, gammafunk_temple_overflow_statue,
          serial_bayou, serial_bayou_pond_e, serial_bayou_pond_b,
          serial_bayou_pond_c, serial_bayou_lagoon_a
D:3:      overflow_temple_1_default, cheibriados_altar_1
D:4:      nicolae_gozag_cash_rules_everything_around_me, first_bread,
          st_stairs_8, grunt_decor_clamped, kennysheep_generic_room_9
D:5:      lemuel_coloured_pillars_altar, serial_shops, shop, shop
D:6:      serial_shops, shop, kennysheep_generic_room_3, uniq_duvessa
D:7:      overflow_temple_1_default, fedhas_altar_2
D:8:      nemelex_xobeh_ov_fountains_minmay, lair_0_dummy, serial_shops, shop
D:9:      lemuel_crystal_altar, overflow_temple_1_default,
          nicolae_overflow_crystal_walls
Lair:1:   guppyfry_lair_drakes, bh_autumn_forest_stairs, uniq_grum

Action                   |  1- 3 |  4- 6 |  7- 9 | 10-12 || total
-------------------------+-------+-------+-------+-------++-------
Melee: Spear             |   133 |    97 |   456 |     9 ||   695
       Trident           |       |       |    22 |       ||    22
       War axe           |       |       |    67 |       ||    67
Evoke: Wand              |       |       |     8 |       ||     8
  Use: Scroll            |     6 |     5 |    13 |       ||    24
 Stab: Sleeping          |     1 |     1 |     2 |     1 ||     5
       Paralysed         |       |     6 |     7 |       ||    13
       Confused          |       |     2 |     4 |       ||     6
       Petrified         |       |       |     7 |       ||     7
       Petrifying        |       |       |     1 |       ||     1
